 Dungeon Crawl Stone Soup version 0.28-a0-1227-ga9037bb4c8 (webtiles) character file.

Game seed: 3735675696286094443

1380 flotson the Ducker (level 8, -3/61 HPs)
             Began as a Demonspawn Gladiator on Dec 23, 2021.
             Was an Initiate of Gozag.
             Slain by a hornet (7 damage)
             ... while paralysed by a hornet
             ... on level 7 of the Dungeon.
             The game lasted 00:10:37 (8133 turns).

flotson the Ducker (Demonspawn Gladiator)           Turns: 8133, Time: 00:10:38

Health: -3/61      AC: 12    Str: 18    XL:     8   Next: 39%
Magic:  8/8        EV:  2    Int: 13    God:    Gozag
Gold:   432        SH:  0    Dex: 14    Spells: 7/7 levels left

rFire   . . .      SeeInvis .   a - +7 flail "Masishrau" {vorpal, Drain Fly Int+4}
rCold   . . .      Faith    .   p - +0 kite shield
rNeg    + + .      Spirit   .   o - +0 pearl dragon scales
rPois   .          Reflect  .   (helmet restricted)
rElec   .          Harm     .   (no cloak)
rCorr   .          Rampage  .   (no gloves)
Will    .....                   (no boots)
Stlth   ..........              t - amulet of the acrobat
HPRegen 0.20/turn               A - ring of positive energy
MPRegen 0.22/turn               (no ring)

@: paralysed, lethally poisoned (-3 -> -4), flying
A: antennae 1, magic regeneration, sharp scales 1, condensation shield
a: Renounce Religion, Potion Petition, Call Merchant, Bribe Branch


You were on level 7 of the Dungeon.
You worshipped Gozag.
Gozag was aware of your devotion.
You visited 2 branches of the dungeon, and saw 8 of its levels.

You collected 542 gold pieces.
You paid 110 gold pieces to Gozag.

Inventory:

Hand Weapons
 a - the +7 flail "Masishrau" (weapon) {vorpal, Drain Fly Int+4}
   (You took it off an orc on level 6 of the Dungeon)

   It inflicts extra damage upon your enemies.
   Int:       It affects your intelligence (+4).
   Fly:       It grants you flight.
   Drain:     It drains your maximum health when unequipped.
Missiles
 d - a throwing net (quivered)
 u - 10 boomerangs
 w - 35 poisoned darts
 z - 3 atropa-tipped darts
 B - a boomerang of dispersal
 E - 6 silver boomerangs
Armour
 i - a +2 leather armour of fire resistance
 o - +0 pearl dragon scales (worn)
 p - a +0 kite shield (worn)
Jewellery
 t - an amulet of the acrobat (around neck)
 A - a ring of positive energy (left hand)
Wands
 x - a wand of acid (11)
 D - a wand of paralysis (7)
Scrolls
 b - a scroll of vulnerability {unknown}
 c - a scroll of fog {unknown}
 e - 3 scrolls of blinking {unknown}
 f - a scroll of silence {unknown}
 h - 7 scrolls of identify {unknown}
 j - 2 scrolls of immolation {unknown}
 k - 2 scrolls of magic mapping {unknown}
 l - 2 scrolls of enchant weapon {unknown}
 s - 2 scrolls of teleportation {unknown}
 y - 4 scrolls of fear {unknown}
 F - a scroll of summoning {unknown}
Potions
 g - 3 potions of ambrosia {unknown}
 m - 2 potions of degeneration {unknown}
 n - a potion of heal wounds {unknown}
 q - a potion of curing
 r - a potion of haste {unknown}
 v - a potion of mutation {unknown}
 C - a potion of invisibility {unknown}


   Skills:
 + Level 4.7 Fighting
 - Level 2.6(3.0) Axes
 + Level 1.7(2.5) Maces & Flails
 + Level 4.2 Throwing
 + Level 3.7 Armour
 + Level 4.8 Dodging
 + Level 3.2 Shields
 + Level 2.9 Evocations


You had 7 spell levels left.
You didn't know any spells.
Your spell library contained the following spells:

 Spells                   Type           Power      Damage    Failure   Level
 Confusing Touch          Hex            0%         N/A       100%        3
 Dazzling Flash           Conj/Hex       0%         N/A       100%        3
 Fulminant Prism          Conj/Hex       0%         3d6       100%        4
 Iskenderun's Mystic Bla  Conj/Tloc      0%         2d3       100%        4
 Summon Lightning Spire   Summ/Air       0%         N/A       100%        4
 Starburst                Conj/Fire      0%         6d3       100%        6
 Haunt                    Necr/Summ      0%         N/A       100%        7


Dungeon Overview and Level Annotations

Branches:
Dungeon (7/15)             Temple (1/1) D:6

Altars:
Cheibriados
Elyvilon
Fedhas
Gozag
Kikubaaqudgha
Makhleb
Nemelex Xobeh
Qazlal
Ru
Sif Muna
Wu Jian
The Shining One

Shops:
D:3 [


Innate Abilities, Weirdness & Mutations

You have a pair of small antennae on your head.
You regenerate magic rapidly.
You are partially covered in razor-sharp scales. (AC +1, Slay +1)
A meltable shield of frost defends you. (SH +4)


Message History

You block the hornet's attack. The hornet stings you!
You feel yourself slow down.
You closely miss the hornet.
You feel yourself speed up. The hornet stings you.
You feel yourself slow down. You block the hornet's attack.
The hornet stings you but does no damage.
You completely miss the hornet.
You feel yourself speed up.
You block the hornet's attack. x2; The hornet stings you!
You are poisoned.
You feel yourself slow down. The hornet closely misses you.
You barely miss the hornet.
You feel yourself speed up.
You feel very sick. The hornet barely misses you.
You block the hornet's attack. The hornet barely misses you.
Throw: 3 throwing nets
Press: ? - help, Q - select action, (/) - cycle Shift-Dir - straight line, f/p - hornet
Aim: a hornet (51% to hit)
You throw a throwing net. The throwing net hits the hornet.
The hornet is caught in the net!
You feel sick.
The hornet struggles against the net.
Your shield and pearl dragon scales prevent you from hitting the hornet.
You feel sick.
The hornet struggles against the net. x2
The net rips apart, and the hornet comes free!
Throw: 2 throwing nets
Press: ? - help, Q - select action, (/) - cycle Shift-Dir - straight line, f/p - hornet
Aim: a hornet (51% to hit)
You throw a throwing net.
The throwing net closely misses the hornet.
You feel sick. The hornet barely misses you. The hornet stings you!
* * * LOW HITPOINT WARNING * * *
You suddenly lose the ability to move!
You feel sick. The hornet completely misses you.
You feel sick. The hornet stings you!
* * * LOW HITPOINT WARNING * * *
You shrug off the repeated paralysis!
The hornet stings you!
You die...
Your body crumbles into a pile of gold.

### ##### ##.##
#..>#
##...###...###
#............#####
#....#............
#.#.##...@...#####
#.#.####.y.###
#.#.# #...# #.#.#
##.## .# #.#.# #..
.# #.#.# #..# .#
#.#.# #.. .#
#.#.#####(.# ####
.#######.#........
..#


You could see a hornet.

Vanquished Creatures
  Menkaure (D:6)
  An ice beast (D:7)
  2 sky beasts
  A black bear (D:5)
  A necrophage (D:5)
  A phantom (D:4)
  2 howler monkeys
  A bullfrog zombie (D:5)
  A hound (D:6)
  5 orc priests
  2 bullfrog skeletons (D:5)
  2 centaur skeletons (D:5)
  2 iguanas
  An orc wizard (D:7)
  A howler monkey skeleton (D:4)
  8 adders
  A shadow imp (D:5)
  3 ufetubi
  An adder skeleton (D:4)
  2 worms
  6 dart slugs
  21 orcs
  7 endoplasms
  2 giant cockroaches
  7 goblins
  3 hobgoblins
  6 quokkas (D:1)
  9 ball pythons
  11 bats
  6 frilled lizards
  8 kobolds
  7 rats
132 creatures vanquished.

Vanquished Creatures (others)
  An orc wizard (D:6)
1 creature vanquished.

Grand Total: 133 creatures vanquished

Notes
Turn   | Place    | Note
-------+----------+-------------------------------------------
     0 | D:1      | flotson the Demonspawn Gladiator began the quest for the
                  | Orb.
     0 | D:1      | Reached XP level 1. HP: 16/16 MP: 1/1
   155 | D:1      | Gained mutation: You regenerate magic rapidly. [demonic
                  | ancestry]
   155 | D:1      | Reached XP level 2. HP: 9/22 MP: 2/2
   729 | D:1      | Gained mutation: You are partially covered in razor-sharp
                  | scales. (AC +1, Slay +1) [demonic ancestry]
   729 | D:1      | Reached XP level 3. HP: 28/28 MP: 3/3
   773 | D:1      | Reached skill level 1 in Armour
  1383 | D:2      | Reached XP level 4. HP: 34/34 MP: 4/4
  2506 | D:3      | Found Meozaqap's Armour Shoppe.
  2675 | D:3      | Gained mutation: You have a pair of small antennae on your
                  | head. [demonic ancestry]
  2675 | D:3      | Reached XP level 5. HP: 33/41 MP: 5/5
  3004 | D:3      | Found a shimmering blue altar of Sif Muna.
  3693 | D:4      | Noticed a phantom
  3709 | D:4      | Killed a phantom
  3710 | D:4      | Reached skill level 1 in Shields
  4209 | D:4      | Got the Volume of Creative Bewitchment
  4541 | D:5      | Entered Level 5 of the Dungeon
  4546 | D:5      | Noticed a necrophage
  4558 | D:5      | Killed a necrophage
  4559 | D:5      | Reached XP level 6. HP: 40/47 MP: 6/6
  5039 | D:5      | Reached skill level 1 in Evocations
  5295 | D:5      | Reached XP level 7. HP: 53/53 MP: 7/7
  5886 | D:6      | Identified the +7 quarterstaff of Mesof {vorpal, Will+
                  | Str+3}
  5899 | D:6      | Identified the +7 flail "Masishrau" {vorpal, Drain Fly
                  | Int+4}
  6045 | D:6      | Found a staircase to the Ecumenical Temple.
  6052 | Temple   | Entered the Ecumenical Temple
  6092 | Temple   | Became a worshipper of Gozag Ym Sagoz the Greedy
  6501 | D:6      | Noticed Menkaure
  6530 | D:6      | Killed Menkaure
  7037 | D:6      | Found a stormy altar of Qazlal.
  7262 | D:6      | Reached skill level 1 in Maces & Flails
  7366 | D:6      | Gained mutation: A meltable shield of frost defends you.
                  | (SH +4) [demonic ancestry]
  7366 | D:6      | Reached XP level 8. HP: 47/61 MP: 8/8
  8122 | D:7      | Noticed a hornet
  8131 | D:7      | Paralysed by a hornet for 3 turns
  8133 | D:7      | Slain by a hornet

Illustrated notes

Levels and vault maps discovered:
D:1:      saegor_arrival_simple_b, layout_basic, minmay_misc_feat_rows,
          minmay_tetromino_t2
D:2:      layout_loops_ring, minmay_liquid_box
D:3:      layout_basic, lemuel_tele_altar, serial_shops, shop, wad_orctagon
D:4:      layout_loops_cross
D:5:      layout_basic, kennysheep_generic_room_14
D:6:      layout_layer_cave, mainiacjoe_overflow_alcove_4, temple_doors_e,
          uniq_menkaure
D:7:      layout_loops_ring, kennysheep_generic_room_8
Temple:   bh_familiar_temple

Skill      XL: |  1  2  3  4  5  6  7  8 |
---------------+-------------------------+-----
Throwing       | 2 3 4 |  4.2
Dodging        | 3 4 |  4.8
Armour         | 1 2 3 |  3.7
Fighting       | 3 4 |  4.7
Shields        | 1 2 3 |  3.2
Evocations     | 1 2 |  2.9
Maces & Flails | 1 |  1.7
Axes           | |  2.6

Action                   |  1- 3 |  4- 6 |  7- 9 || total
-------------------------+-------+-------+-------++-------
Melee: War axe           |   122 |   187 |    35 ||   344
       Flail             |       |       |    69 ||    69
 Fire: Hunting sling     |       |    87 |       ||    87
Throw: Dart              |       |       |     2 ||     2
       Throwing net      |       |       |     2 ||     2
 Stab: Sleeping          |     1 |       |       ||     1
       Distracted        |       |       |     1 ||     1
Armor: Leather armour    |    54 |    14 |       ||    68
       Pearl dragon scal |       |   166 |    52 ||   218
Dodge: Dodged            |   130 |   136 |    39 ||   305
Block: Kite shield       |       |   101 |    57 ||   158

Table legend: (Time is in decaauts)
 A = Elapsed time spent in this place.
 B = Non-inter-level travel time spent in this place.
 C = Inter-level travel time spent in this place.
 D = Time resting spent in this place.
 E = Time spent auto-exploring this place.
 F = Levels seen in this place.
 G = Mean time per level.
                   A        B        C        D        E       F      G
               +--------+--------+--------+--------+--------+-----+--------+
         Total |   8378 |   8164 |    214 |    244 |   6555 |   8 | 1047.2 |
       Dungeon |   8290 |   8100 |    190 |    244 |   6496 |   7 | 1184.3 |
        Temple |     88 |     64 |     24 |      0 |     59 |   1 |   88.0 |
               +--------+--------+--------+--------+--------+-----+--------+

Top non-repeatable levels by time:
     D:6: 1691 daAuts
     D:3: 1601 daAuts
     D:4: 1346 daAuts
     D:5: 1110 daAuts
     D:1: 1003 daAuts
     D:2: 994 daAuts
     D:7: 543 daAuts
  Temple: 88 daAuts
